Map: 16 Bits LE

Players

IagoAbreu - Winner!

  • Race: Zerg Zerg
  • Spawn Location: 1:00

I.A. 1 (Mais difícil)

  • Race: Terran Terran
  • Spawn Location: 7:00

VOD

Have the link to the VOD?

Description

Time

  • Played on: May 17, 2018, 1:08 p.m.
  • Length: 8:47
Show
View Real Time Build Order
Export as new Build Order

IagoAbreu Zerg - Winner!

Build Orders: Hatch First, Roach Nydus 

Get SALT Encoding   

  12  0:02  Drone  
  13  0:13  Overlord  
  13  0:18  Drone  
  14  0:31  Drone  
  14  0:32  Drone  
  16  0:36  Drone  
  17  0:55  Hatchery  
  16  1:00  Drone  
  16  1:01  Drone  
  18  1:04  Extractor  
  18  1:08  Drone  
  18  1:22  Spawning Pool  
  18  1:24  Drone  
  18  1:46  Drone x2  
  20  1:56  Drone  
  21  2:09  Queen  
  21  2:10  Queen  
  21  2:12  Drone  
  21  2:13  Drone x2  
  28  2:24  Overlord  
  28  2:26  Overlord  
  28  2:51  Queen  
  28  2:52  Lair  
  30  3:01  Drone x3  
  30  3:03  Drone x2  
  30  3:04  Drone  
  36  3:28  Hatchery  
  36  3:29  Roach Warren  
  36  3:31  Queen  
  36  3:45  Extractor  
  36  3:46  Extractor  
  36  3:48  Drone x5  
  37  3:49  Drone  
  40  3:57  Nydus Network  
  39  4:06  Queen  
  41  4:10  Queen  
  43  4:23  Overlord x3  
  43  4:51  Roach  
  43  4:52  Roach x6  
  59  4:53  Roach  
  59  5:17  Roach x4  
  59  5:18  Roach x2  
  71  5:35  Roach  
  73  5:36  Overlord x2  
  73  5:39  Overlord  
  75  5:57  Roach x4  
  75  5:58  Roach x4  
  89  6:13  Nydus Canal  
  89  6:16  Roach x3  
  95  6:20  Roach  
  95  6:21  Overlord x2  
  95  6:54  Roach x4  
  95  6:55  Roach x2  
  105  7:07  Roach  
  105  7:08  Overlord  
  107  7:23  Nydus Canal  
  105  7:38  Roach  
  105  7:39  Roach x5  
  101  8:18  Nydus Canal  
  103  8:20  Roach x5  
  103  8:21  Roach  
Show
View Real Time Build Order
Export as new Build Order

I.A. 1 (Mais difícil) Terran 

Build Orders:  

Get SALT Encoding   

  12  0:00  SCV  
  13  0:13  SCV  
  14  0:19  Supply Depot  
  14  0:25  SCV  
  15  0:41  SCV  
  15  0:42  Barracks  
  16  0:50  Refinery  
  16  0:53  SCV  
  17  1:05  SCV  
  18  1:17  SCV  
  19  1:21  Supply Depot  
  19  1:29  Orbital Command  
  19  1:30  Marine  
  20  1:42  Barracks  
  20  1:50  Barracks Tech Lab, Refinery  
  20  1:55  SCV  
  21  2:08  Marine, Supply Depot  
  22  2:25  Marine  
  22  2:29  Marine  
  24  2:44  Marauder  
  26  2:47  Marine, Supply Depot  
  27  3:05  Marine  
  28  3:06  Marine  
  29  3:17  Supply Depot  
  29  3:23  SCV, Marauder  
  29  3:24  Marine  
  33  3:35  SCV  
  33  3:40  Engineering Bay  
  34  3:41  Marine  
  34  3:44  Marine  
  34  3:47  SCV  
  37  3:59  Marine, SCV  
  37  4:02  Marauder  
  41  4:05  Supply Depot  
  41  4:12  SCV  
  42  4:17  Marine  
  42  4:24  SCV, Marauder  
  46  4:45  Marauder  
  48  5:06  Marauder  
  50  5:39  Barracks Tech Lab  
  50  5:42  Factory  
  50  5:44  Factory  
  50  5:48  Command Center  
  50  6:12  Missile Turret  
  50  6:14  Supply Depot  
  50  6:26  Missile Turret, Factory Tech Lab  
  51  6:41  SCV  
  51  6:43  Supply Depot  
  51  6:45  Hellion  
  48  6:53  SCV  
  39  6:59  SCV  
  31  7:06  Siege Tank  
  33  7:11  SCV  
  31  7:23  SCV  
  32  7:31  Starport  
  32  7:35  SCV  
  33  7:38  Widow Mine  
  26  7:48  SCV  
  8  8:00  Hellion  
  8  8:04  Refinery  
  6  8:26  Supply Depot  
Tags
 
Matchup
TvZ
Spawn Locations
Cross Positions
Strategy
Roach Nydus
Add a new tag
Caveats
  • Supply blocks, unpowered buildings, or Contaminate may cause inaccurate times.
  • Supply counts are checked every 10 seconds.